 Dungeon Crawl Stone Soup version 0.28-a0-1616-g050a50673c (webtiles) character file.

Game seed: 5162960203250302441

6 croobank the Scratcher (level 1, -2/9 HPs)
             Began as a Felid Transmuter on Jan 23, 2022.
             Slain by a kobold (3 damage)
             ... on level 1 of the Dungeon.
             The game lasted 00:00:29 (90 turns).

croobank the Scratcher (Felid Transmuter)             Turns: 90, Time: 00:00:30

Health: -2/9       AC:  1    Str:  6    XL:     1   Next: 75%
Magic:  4/4        EV: 17    Int: 14    God:
Gold:   0          SH:  0    Dex: 16    Spells: 3/4 levels left
                                        Lives:  0   Deaths: 0

rFire   . . .      SeeInvis +     - Unarmed
rCold   . . .      Faith    .   (shield unavailable)
rNeg    . . .      Spirit   .   (armour unavailable)
rPois   .          Reflect  .   (helmet unavailable)
rElec   .          Harm     .   (cloak unavailable)
rCorr   .          Rampage  .   (gloves unavailable)
Will    .....                   (boots unavailable)
Stlth   +.........              (no amulet)
HPRegen 0.03/turn               (no ring)
MPRegen 0.09/turn               (no ring)

@: quick
A: very small, claws 1, fangs 3, see invisible, speed 1, shaggy fur 1, stealthy
paws, no weapons or thrown items, no armour, multi-lived
a: no special abilities


You were on level 1 of the Dungeon.
You visited 1 branch of the dungeon, and saw 1 of its levels.

Inventory:

Scrolls
 a - 2 scrolls of summoning {unknown}
 c - a scroll of amnesia {unknown}
Potions
 b - a potion of ambrosia {unknown}


   Skills:
 + Level 1.1 Fighting
 + Level 2.8 Dodging
 + Level 3.0 Unarmed Combat
 + Level 2.1 Spellcasting
 + Level 2.3 Transmutations


You had 3 spell levels left.
You knew the following spells:

 Your Spells              Type           Power      Damage    Failure   Level
a - Beastly Appendage     Tmut           16%        N/A       9%          1

Your spell library contained the following spells:

 Spells                   Type           Power      Damage    Failure   Level
 Wereblood                Tmut           8%         N/A       14%         2
 Spider Form              Tmut/Pois      4%         N/A       41%         3
 Ice Form                 Ice/Tmut       4%         N/A       82%         4


Dungeon Overview and Level Annotations

Branches:
Dungeon (1/15)

Altars:


Innate Abilities, Weirdness & Mutations

You have sharp claws.
You have razor-sharp teeth.
You have supernaturally acute eyesight. (SInv)
You cover ground quickly. (Speed+)
You are covered in fur. (AC +1)
Your paws help you pounce on unaware monsters.
You are incapable of wielding weapons or throwing items.
You cannot wear armour.
You gain extra lives every three experience levels.


Message History

You scratch the endoplasm. You headbutt the endoplasm.
You kill the endoplasm!
The ball python hisses angrily.
You scratch the giant cockroach.
The giant cockroach is heavily wounded.
The giant cockroach bites you.
You scratch the giant cockroach. You bite the giant cockroach.
You kill the giant cockroach!
Your transformation is almost over.
Found 4 gold pieces.
You see here a giant cockroach corpse.
You scratch the ball python.
The ball python is severely wounded.
The ball python closely misses you. The ball python misses you. x2
The ball python grabs you. The ball python constricts you.
You escape the ball python's grasp.
You claw the ball python!
You kill the ball python!
You see here a ball python corpse.
You see here a +1 dagger of venom.
A kobold comes into view. It is wielding a +0 mace.
The kobold shouts!
Found a faded altar of an unknown god.
Your horns disappear.
The kobold completely misses you.
A quokka comes into view.
The quokka moves out of view.
You see here 4 gold pieces.
You scratch the kobold. Your bite misses the kobold.
The kobold is severely wounded.
The kobold hits you with a +0 mace.
Ouch! That really hurt!
* * * LOW HITPOINT WARNING * * *
You miss the kobold.
The kobold is severely wounded.
The kobold misses you.
You barely miss the kobold.
The kobold is severely wounded.
The kobold hits you with a +0 mace.
You die...

.#...... ###.#.......
_≈≈. ... #..........#
#.≈##.# #.##.##...##
#≈≈...###.##....####
#≈≈.......#####.....
#≈.........# ##..##
#≈.........####..#
#.####≈......††......)##
.≈..≈≈.@K.......#.......
#...###.....#)..##.#....
.. #...#...#....#....
#..#...#...#..#....
..#...#...#...#..###
#....#...#...#....#
##.#...#...#...#..#
..#...#.. #....# . ..#
..#..#


You could see a kobold.

Vanquished Creatures
  2 ball pythons (D:1)
  A bat (D:1)
  An endoplasm (D:1)
  A giant cockroach (D:1)
5 creatures vanquished.

Notes
Turn   | Place    | Note
-------+----------+-------------------------------------------
     0 | D:1      | croobank the Felid Transmuter began the quest for the Orb.
     0 | D:1      | Reached XP level 1. HP: 9/9 MP: 4/4
    84 | D:1      | Found a faded altar of an unknown god.
    90 | D:1      | Slain by a kobold

Illustrated notes

Levels and vault maps discovered:
D:1:      amcnicky_arrival_feature_with_door, layout_rooms,
          dreamdust_ecumenical_altar_drowned_temple, hex_medium

Action                   || total
-------------------------++-------
Melee: Unarmed           ||    14
       Headbutt          ||     1
       Bite              ||     1
 Cast: Beastly Appendage ||     3
Armor: Skin              ||     2
Dodge: Dodged            ||    14

Table legend: (Time is in decaauts)
 A = Elapsed time spent in this place.
 B = Non-inter-level travel time spent in this place.
 C = Inter-level travel time spent in this place.
 D = Time resting spent in this place.
 E = Time spent auto-exploring this place.
 F = Levels seen in this place.
 G = Mean time per level.
                   A        B        C        D        E       F      G
               +--------+--------+--------+--------+--------+-----+--------+
         Total |     75 |     75 |      0 |      0 |     27 |   1 |   75.0 |
       Dungeon |     75 |     75 |      0 |      0 |     27 |   1 |   75.0 |
               +--------+--------+--------+--------+--------+-----+--------+

Top non-repeatable levels by time:
     D:1: 75 daAuts
